 Dungeon Sprint DCSS version 0.27-a0-1051-g288ea87c7c (webtiles) character file.

Game seed: 10379504387377244119

1882 mhtbhm the Scorcher (level 8, -23/41 HPs)
             Began as a Deep Elf Fire Elementalist on Apr 20, 2021.
             Was the Champion of Vehumet.
             Shot with a bolt by a yaktaur (42 damage)
             ... in the Dungeon (Sprint V: "Ziggurat Sprint").
             The game lasted 00:04:13 (541 turns).

mhtbhm the Scorcher (Deep Elf Fire Elementalist)     Turns: 541, Time: 00:04:13

Health: -23/41     AC:  5    Str:  5    XL:     8   Next: 92%
Magic:  26/26      EV: 16    Int: 35    God:    Vehumet [******]
Gold:   0          SH:  0    Dex: 15    Spells: 15/31 levels left

rFire    + . .     SeeInvis .   C - +8 lance "Wyrmbane" {slay drac, rPois rF+ rC+ AC+3}
rCold    + . .     Faith    .   (no shield)
rNeg     . . .     Spirit   .   a - +0 robe
rPois    +         Reflect  .   (no helmet)
rElec    .         Harm     .   (no cloak)
rCorr    .         Rampage  .   (no gloves)
Will     .....     NoTele   +   (no boots)
Stlth    +++.......             t - amulet of the acrobat
HPRegen  0.13/turn              u - +6 ring of intelligence
MPRegen  0.20/turn              v - +6 ring of intelligence

@: marked, frozen, very slow
A: no striking features
a: Renounce Religion


You were in the Dungeon.
You worshipped Vehumet.
Vehumet was exalted by your worship.
You visited 1 branch

Inventory:

Hand Weapons
 C - the +8 lance "Wyrmbane" (weapon) {slay drac, rPois rF+ rC+ AC+3}
   (You found it in the Dungeon)

   It affects your AC (+3).
   It protects you from fire.
   It protects you from cold.
   It protects you from poison.
Armour
 a - a +0 robe (worn)
Jewellery
 t - an amulet of the acrobat (around neck)
 u - a +6 ring of intelligence (left hand)
 v - a +6 ring of intelligence (right hand)
 w - the ring "Fekkudy" {rC- Will+ rCorr MP+9}
   (You found it in the Dungeon)

   [ring of resist corrosion]

   It makes you vulnerable to cold.
   It affects your magic capacity (+9).
   It protects you from acid and corrosion.
   It increases your willpower.
Wands
 y - a wand of mindburst (7)
 z - a wand of iceblast (2)
 A - a wand of acid (7)
Scrolls
 h - 2 scrolls of blinking
 m - 4 scrolls of amnesia
 n - 7 scrolls of fog
 o - a scroll of holy word
 p - 5 scrolls of identify
 q - 2 scrolls of fear
 r - 2 scrolls of brand weapon
Potions
 b - 2 potions of brilliance
 c - 10 potions of curing
 d - 10 potions of heal wounds
 e - 6 potions of haste
 f - 7 potions of magic
 g - 3 potions of berserk rage
 i - 2 potions of invisibility
 j - 4 potions of resistance
 k - a potion of experience
 l - 5 potions of might
Miscellaneous
 s - a phantom mirror (inert)
 B - a lightning rod (4/4)


   Skills:
 + Level 8.0 Dodging
 - Level 6.4 Stealth
 + Level 12.3 Spellcasting
 + Level 4.3 Conjurations
 + Level 15.5 Fire Magic
 + Level 4.5 Evocations


You had 15 spell levels left.
You knew the following spells:

 Your Spells              Type           Power      Damage    Failure   Level
a - Foxfire               Conj/Fire      100%       2x1d9     1%          1
b - Conjure Flame         Conj/Fire      74%        6-21      1%          3
c - Inner Flame           Hex/Fire       66%        N/A       1%          3
d - Sticky Flame          Conj/Fire      74%        2d9       1%          4
e - Fireball              Conj/Fire      37%        3d15      1%          5

Your spell library contained the following spells:

 Spells                   Type           Power      Damage    Failure   Level
 Magic Dart               Conj           100%       1d8       1%          1
 Shock                    Conj/Air       100%       1d9       1%          1
 Summon Small Mammal      Summ           84%        N/A       1%          1
 Static Discharge         Conj/Air       36%        N/A       1%          2
 Call Imp                 Summ           21%        N/A       3%          2
 Airstrike                Air            10%        N/A       5%          4
 Call Canine Familiar     Summ           21%        N/A       6%          3
 Summon Guardian Golem    Hex/Summ       21%        N/A       6%          3
 Swiftness                Air            21%        N/A       6%          3
 Lightning Bolt           Conj/Air       18%        1d32      6%          5
 Summon Ice Beast         Ice/Summ       21%        N/A       19%         4
 Summon Lightning Spire   Summ/Air       21%        N/A       19%         4


Dungeon Overview and Level Annotations

Branches:
Dungeon (1/1)

Altars:
Ashenzari
Cheibriados
Dithmenos
Elyvilon
Fedhas
Gozag
Hepliaklqana
Kikubaaqudgha
Makhleb
Nemelex Xobeh
Okawaru
Qazlal
Ru
Sif Muna
Trog
Uskayaw
Vehumet
Wu Jian
Xom
Yredelemnul
Zin
The Shining One
Beogh
Jiyva
Lugonu


Message History

t - an amulet of the acrobat (around neck) Unknown command.
Okay, then.
You see here a phial of floods.
There is a transporter here.
Welcome to arena 9.
You enter the transporter and appear at another place.
A slime creature, a yaktaur, a yaktaur captain and 5 humans come into view.
The yaktaur shouts!
The ironbound preserver shouts!
The ironbound frostheart shouts!
The vault sentinel shouts!
The yaktaur captain shouts!
The yaktaur captain wields a +0 arbalest.
The yaktaur captain shoots a bolt.
The bolt misses you.
The ironbound preserver unwields a +0 morningstar.
The ironbound preserver drops a +0 morningstar.
The ironbound preserver picks up a +1 great mace of draining.
The ironbound preserver wields a +1 great mace of draining.
You sense an unholy aura.
The yaktaur wields a +0 arbalest.
The yaktaur shoots a bolt.
The bolt closely misses you.
The vault sentinel gestures at you while chanting.
A sentinel's mark forms upon you.
Found eight items.
Unknown command.
Unknown command.
Aiming: Phantom Mirror
Press: ? - help, Dir - move target, f - ironbound frostheart
Aim: an ironbound frostheart, wearing a +0 ring mail You reflect the ironbound frostheart with the mirror!
The mirror clouds!
Your ironbound frostheart touches the ironbound frostheart!
Your ironbound frostheart freezes the ironbound frostheart.
The ironbound frostheart resists.
The ironbound frostheart calls freezing cold from the walls.
The frost grips you!! You partially resist.
Ouch! That really hurt!
You are encased in ice.
The vault sentinel blows a loud note on a signal horn!
The yaktaur shoots a bolt.
The bolt hits you!!!
Ouch! That really hurt!
You die...

▓..8©8..▓
▓..cpp}c..▓..))|..▓
▓...)))...▓..).)..▓
▓..Jppp...▓.......▓
▓...p.....▓.......▓
▓.........▓.......▓
▓.........▓.......▓
▓.▓.....▓.▓.▓...▓.▓
▓....@....▓...©...▓
▓▓▓▓▓▓▓▓▓▓▓▓▓▓▓▓▓▓▓


You could see 2 ironbound preservers, a yaktaur captain, a vault guard, a slime
creature, an ironbound frostheart (ally target), a vault sentinel (catching
breath), a yaktaur and a friendly ironbound frostheart (summoned, drained).

Vanquished Creatures
  A deep elf zephyrmancer (D)
  A slime creature (D)
  A ynoxinul (D)
  A water elemental (D)
  2 golden eyes (D)
  An orc warrior (D)
  A necrophage (D)
  A wolf (D)
  A phantom (D)
  A bullfrog (D)
  3 crimson imps (D)
  2 orc priests (D)
  An iron imp (D)
  3 iguanas (D)
  An orc wizard (D)
  A river rat (D)
  2 ufetubi (D)
  6 orcs (D)
  A bat skeleton (D)
  2 endoplasms (D)
  4 jackals (D)
37 creatures vanquished.

Vanquished Creatures (others)
  2 foxfires (D)
2 creatures vanquished.

Grand Total: 39 creatures vanquished

Notes
Turn   | Place    | Note
-------+----------+-------------------------------------------
     0 | D        | mhtbhm the Deep Elf Fire Elementalist began the quest for
                  | the Orb.
     0 | D        | Reached XP level 1. HP: 10/10 MP: 6/6
     0 | D        | Found a shimmering blue altar of Sif Muna.
     0 | D        | Found a sacrificial altar of Ru.
     0 | D        | Found a bloodstained altar of Trog.
     0 | D        | Found a stormy altar of Qazlal.
     0 | D        | Found an iron altar of Okawaru.
     0 | D        | Found a sparkling altar of Nemelex Xobeh.
     0 | D        | Found a blossoming altar of Fedhas.
     1 | D        | Found the +6 Majin-Bo {vamp, MP+6 Int+6}
     1 | D        | Found the +9 heavy crossbow "Sniper" {vorpal, Acc+∞ SInv}
     1 | D        | Found the +10 dark maul {vorpal}
     1 | D        | Found the +15 Maxwell's patent armour {-Cast -Tele rElec
                  | Will+ rCorr}
     1 | D        | Found the +18 shield of the Gong {rElec rN+ Will+ EV-5}
     1 | D        | Found the +14 obsidian axe {vorpal, Drain Fly SInv}
     1 | D        | Found the +7 great mace "Firestarter" {inner flame, rF++}
     1 | D        | Found the +6 shillelagh "Devastator" {shatter}
     1 | D        | Found the +11 plutonium sword {Contam Stlth-}
     1 | D        | Found the +8 lance "Wyrmbane" {slay drac, rPois rF+ rC+
                  | AC+3}
     1 | D        | Found the +9 sword of Zonguldrok {reap}
     1 | D        | Found the +13 scythe of Curses {drain, Drain}
     1 | D        | Found the +5 sword of Power {vorpal}
     1 | D        | Found the +7 mace of Variability {chain chaos}
     1 | D        | Found the +7 Singing Sword {vorpal, sonic wave}
     1 | D        | Found the +8 storm bow {elec, penet}
     2 | D        | Found a transporter.
     2 | D        | Found an ancient bone altar of Kikubaaqudgha.
     2 | D        | Found a viscous altar of Jiyva.
     2 | D        | Found a corrupted altar of Lugonu.
     2 | D        | Found a hazy altar of Hepliaklqana.
     2 | D        | Found a burning altar of Makhleb.
     2 | D        | Found an opulent altar of Gozag.
    47 | D        | Became a worshipper of Vehumet
    68 | D        | Entered arena 2.
    68 | D        | Noticed a deep elf zephyrmancer
    68 | D        | Noticed a water elemental
    68 | D        | Found a transporter.
    74 | D        | Killed a deep elf zephyrmancer
    74 | D        | Killed a water elemental
    75 | D        | Reached skill level 12 in Fire Magic
    75 | D        | Reached XP level 2. HP: 15/15 MP: 7/14
    75 | D        | Reached XP level 3. HP: 19/19 MP: 7/15
    75 | D        | Reached XP level 4. HP: 24/24 MP: 7/17
    75 | D        | Reached XP level 5. HP: 28/28 MP: 7/18
    75 | D        | Reached XP level 6. HP: 32/32 MP: 7/20
    75 | D        | Reached XP level 7. HP: 36/36 MP: 7/21
    79 | D        | Learned a level 3 spell: Conjure Flame
    83 | D        | Learned a level 3 spell: Inner Flame
    88 | D        | Learned a level 4 spell: Sticky Flame
    94 | D        | Learned a level 5 spell: Fireball
   160 | D        | Entered arena 3.
   160 | D        | Found a transporter.
   161 | D        | Reached * piety under Vehumet
   161 | D        | Offered knowledge of Sandblast by Vehumet.
   164 | D        | Reached skill level 10 in Spellcasting
   164 | D        | Reached skill level 13 in Fire Magic
   245 | D        | Entered arena 4.
   245 | D        | Found a transporter.
   246 | D        | Reached ** piety under Vehumet
   281 | D        | Entered arena 5.
   281 | D        | Found a transporter.
   282 | D        | Reached *** piety under Vehumet
   304 | D        | Entered arena 6.
   304 | D        | Noticed a golden eye
   304 | D        | Noticed a slime creature
   304 | D        | Noticed a golden eye
   304 | D        | Found a transporter.
   305 | D        | Killed a golden eye
   305 | D        | Offered knowledge of Magic Dart by Vehumet.
   305 | D        | Reached **** piety under Vehumet
   305 | D        | Killed a golden eye
   306 | D        | Reached skill level 14 in Fire Magic
   306 | D        | Reached XP level 8. HP: 41/41 MP: 25/25
   308 | D        | Killed a slime creature
   362 | D        | Entered arena 7.
   363 | D        | Identified the +5 ring mail of the Guild-Master {*Corrode
                  | rF++ Str+4 Dex+9}
   363 | D        | Identified the +9 great sword of Annoyance {elec, Will+
                  | Dex+3 Stlth+}
   363 | D        | Reached ***** piety under Vehumet
   365 | D        | Reached skill level 15 in Fire Magic
   365 | D        | Found a transporter.
   418 | D        | Entered arena 8.
   419 | D        | Reached ****** piety under Vehumet
   420 | D        | Found a transporter.
   426 | D        | Got the ring "Fekkudy" {rC- Will+ rCorr MP+9}
   435 | D        | Entered arena 9.
   514 | D        | Found a transporter.
   540 | D        | Entered arena 10.
   540 | D        | Noticed a yaktaur captain
   540 | D        | Noticed a vault sentinel
   540 | D        | Noticed a vault guard
   540 | D        | Noticed an ironbound preserver
   540 | D        | Noticed a yaktaur
   540 | D        | Noticed a slime creature
   540 | D        | Noticed an ironbound frostheart
   540 | D        | Noticed an ironbound preserver
   541 | D        | Shot with a bolt by a yaktaur

Illustrated notes

Levels and vault maps discovered:
D:        sprint_v [room_start, room_1, room_2, room_3, room_4, room_5, room_6,
          room_7, room_8, room_9, room_10, room_11, room_12, room_13, room_14,
          room_15, room_16, room_17, room_18, room_19, room_20, room_21,
          room_22, room_23, room_24, room_25, room_26, room_27]

Skill      XL: |  1  2  3  4  5  6  7  8 |
---------------+-------------------------+-----
Dodging        | 6 7 8 |  8.0
Stealth        | 6 |  6.4
Spellcasting   | 9 11 12 | 12.3
Fire Magic     | 12 14 15 | 15.5
Evocations     | 3 4 |  4.5
Conjurations   | 2 4 |  4.3

Action                   |  1- 3 |  4- 6 |  7- 9 || total
-------------------------+-------+-------+-------++-------
 Cast: Fireball          |       |       |    13 ||    13
       Foxfire           |       |       |     1 ||     1
Evoke: Wand              |     4 |       |     1 ||     5
       Lightning rod     |       |       |     4 ||     4
       Phantom mirror    |       |       |     1 ||     1
  Use: Scroll            |     2 |       |       ||     2
Dodge: Dodged            |       |       |     2 ||     2

Table legend: (Time is in decaauts)
 A = Elapsed time spent in this place.
 B = Non-inter-level travel time spent in this place.
 C = Inter-level travel time spent in this place.
 D = Time resting spent in this place.
 E = Time spent auto-exploring this place.
 F = Levels seen in this place.
 G = Mean time per level.
                   A        B        C        D        E       F      G
               +--------+--------+--------+--------+--------+-----+--------+
         Total |    539 |    539 |      0 |    302 |     12 |   1 |  539.0 |
       Dungeon |    539 |    539 |      0 |    302 |     12 |   1 |  539.0 |
               +--------+--------+--------+--------+--------+-----+--------+

Top non-repeatable levels by time:
       D: 539 daAuts
